 Dungeon Crawl Stone Soup version 0.18-b1-10-g3f7de93 (webtiles) character file.

6316 MuMo the Blocker (level 10, -6/77 HPs)
             Began as a Demonspawn Fighter on Apr 29, 2016.
             Was a High Priest of Okawaru.
             Killed from afar by an electric eel (15 damage)
             ... with a bolt of electricity
             ... on level 10 of the Dungeon.
             The game lasted 00:16:04 (7772 turns).

MuMo the Blocker (Demonspawn Fighter)               Turns: 7772, Time: 00:16:04

Health: -6/77      AC: 22    Str: 21    XL:     10   Next: 64%
Magic:  14/14      EV:  8    Int: 15    God:    Okawaru [*****.]
Gold:   599        SH: 11    Dex: 16    Spells: 0 memorised, 9 levels left

rFire  . . .     SeeInvis .     P - +5 demon blade of Sudden Death {drain, rPois Int+6}
rCold  + . .     Gourm    .     J - +0 plate armour
rNeg   . . .     Faith    .     c - +0 shield
rPois  +         Spirit   .     (helmet restricted)
rElec  .         Dismiss  .     o - +0 cloak
rCorr  .         Reflect  .     F - +0 pair of gloves
SustAt .         Harm     .     O - +2 pair of boots
MR     .....                    (no amulet)
Stlth  ..........               D - +3 ring of protection
                                v - ring of protection from cold

@: not resistant to hostile enchantments, extremely unstealthy
A: antennae 2, talons 1, thin skeletal structure 2, demonic guardian 1, sense
surroundings 1, poison resistance, powered by death 1, screaming 1
a: Heroism, Finesse, Renounce Religion


You were on level 10 of the Dungeon.
You worshipped Okawaru.
Okawaru was extremely pleased with you.
You were not hungry.

You visited 2 branches of the dungeon, and saw 11 of its levels.

You collected 599 gold pieces.

Inventory:

Hand Weapons
 b - a +0 scimitar
 P - the +5 demon blade of Sudden Death (weapon) {drain, rPois Int+6}
   (You acquired it on level 10 of the Dungeon)

   A truly terrible weapon, it drains the life of those it strikes.
   It affects your intelligence (+6).
   It protects you from poison.
 S - a +5 great sword of slicing
Armour
 c - a +0 shield (worn)
 g - a cursed -2 robe
 o - a +0 cloak (worn)
 F - a +0 pair of gloves (worn)
 J - a +0 plate armour (worn)
 O - a +2 pair of boots (worn)
 U - the -1 hat of the Hidden Vale {rElec MR+++ Str+4 Dex-3, unknown}
   (You acquired it on level 10 of the Dungeon)

   It affects your strength (+4).
   It affects your dexterity (-3).
   It insulates you from electricity.
   It affects your resistance to hostile enchantments.
Jewellery
 v - a ring of protection from cold (left hand)
 D - a +3 ring of protection (right hand)
 R - an uncursed amulet of magic regeneration
Wands
 y - a wand of confusion (14/48)
 I - a wand of iceblast (0/15)
 K - a wand of iceblast (0/15)
 Q - a wand of teleportation (7/9)
Scrolls
 e - a scroll of fog
 n - 2 scrolls of fear
 p - 2 scrolls of blinking
 r - 2 scrolls of remove curse
 s - a scroll of magic mapping {unknown}
 u - a scroll of immolation {unknown}
 x - a scroll of amnesia {unknown}
 z - 2 scrolls of recharging {unknown}
 A - 2 scrolls of noise
 C - a scroll of enchant weapon {unknown}
 H - a scroll of teleportation
 N - a scroll of enchant armour {unknown}
 T - 2 scrolls of identify
Potions
 a - a potion of resistance {unknown}
 d - 2 potions of heal wounds
 h - 2 potions of flight
 i - 2 potions of brilliance
 m - 3 potions of haste {unknown}
 q - a potion of berserk rage
 t - 2 potions of curing
 w - 3 potions of cancellation
 B - 2 potions of agility
 E - a potion of magic {unknown}
 M - 3 potions of degeneration {unknown}
Books
 k - a book of Beasts

   Spells                             Type                      Level
   a - Summon Butterflies             Summoning                    1
   b - Call Canine Familiar           Summoning                    3
   c - Summon Ice Beast               Ice/Summoning                4
   d - Summon Mana Viper              Hexes/Summoning              5
   e - Summon Hydra                   Summoning                    7
 G - a book of Transfigurations

   Spells                             Type                      Level
   a - Irradiate                      Conjuration/Transmutation    5
   b - Statue Form                    Transmutation/Earth          6
   c - Hydra Form                     Transmutation                6
   d - Dragon Form                    Transmutation                7
 L - a book of Dreams

   Spells                             Type                      Level
   a - Ensorcelled Hibernation        Hexes/Ice                    2
   b - Silence                        Hexes/Air                    5
   c - Darkness                       Hexes                        6
   d - Shadow Creatures               Summoning                    6
Comestibles
 f - 3 bread rations
 j - 18 fruits
 l - 3 meat rations


   Skills:
 + Level 6.8 Fighting
 * Level 5.7 Long Blades
 + Level 7.2 Armour
 + Level 6.0 Dodging
 - Level 1.0 Stealth
 + Level 8.1 Shields
 * Level 6.0 Invocations
 + Level 0.2 Evocations


You had 9 spell levels left.
You didn't know any spells.

Dungeon Overview and Level Annotations

Branches:
Dungeon (10/15)            Temple (1/1) D:4            Lair (0/8) D:8
    Orc: D:9-12

Altars:
Ashenzari
Cheibriados
Dithmenos
Elyvilon
Fedhas
Kikubaaqudgha
Makhleb
Nemelex Xobeh
Okawaru
Pakellas
Qazlal
Ru
Sif Muna
Trog
Vehumet
Xom
Yredelemnul
Zin
The Shining One

Shops:
D:8 =


Innate Abilities, Weirdness & Mutations

You have a pair of antennae on your head.
You have a moderately thin skeletal structure (Dex +4, Stealth+).
A weak demonic guardian rushes to your aid.
You regenerate a little health from kills.
You have sharp toenails.
You passively map a small area around you.
Your system is resistant to poisons.
You occasionally shout uncontrollably at your foes.


Message History

Your quasit dies!
The bolt of electricity hits you!
The bolt of electricity hits the electric eel.
The electric eel completely resists.
The electric eel shoots out a bolt of lightning at you!
The bolt of electricity hits you! x2
* * * LOW HITPOINT WARNING * * *
The bolt of electricity misses the electric eel. x2
The electric eel shoots out a bolt of lightning at you!
The bolt of electricity hits the electric eel.
The electric eel completely resists.
The bolt of electricity hits you!
* * * LOW HITPOINT WARNING * * *
The electric eel shoots out a bolt of lightning at you!
The bolt of electricity hits you!
* * * LOW HITPOINT WARNING * * *
The electric eel shoots out a bolt of lightning at you!
The bolt of electricity hits your ufetubus.
Your ufetubus dies!
The bolt of electricity hits you!
You die...

#######'######## ≈
#........#≈≈≈ ≈
#.......≈≈≈≈≈ ≈≈
#.....≈≈≈≈≈≈≈ ≈
#...≈≈≈≈≈;≈≈≈
#...≈≈≈≈≈≈≈≈≈ ≈ ≈
###########.#≈≈≈≈≈≈≈
#.........#.≈;;≈≈≈≈≈
#.........#@≈≈≈≈≈≈≈≈
#.........#.##≈≈≈≈≈≈
≈ #.........'.#
#≈≈≈≈≈ ≈
#.........### ##≈#≈
########'## ≈≈ #.#
##### * # * #.#
#..)# #####.###.#.#
#...).....#.#


You could see 3 electric eels.

Vanquished Creatures
  A centaur warrior (D:9)
  A hill giant (D:10)
  The ghost of Sand the Grappler, a novice VSTm of Okawaru (D:6)
  A two-headed ogre (D:8)
  Eustachio (D:4)
  A hippogriff (D:7)
  2 hungry ghosts
  2 wargs (D:8)
  2 water moccasins
  An ice beast (D:9)
  A wasp (D:8)
  2 orc warriors (D:9)
  A sky beast (D:8)
  2 ogres
  4 centaurs
  2 crocodiles
  A big kobold (D:7)
  2 giant frogs
  A wyvern skeleton (D:9)
  5 scorpions
  11 electric eels
  4 crimson imps
  3 giant frog zombies
  A howler monkey (D:5)
  2 quasits
  3 hounds
  4 orc priests (D:8)
  8 orc wizards
  3 centaur skeletons
  An iguana (D:4)
  Ijyb (D:3)
  6 worker ants
  A hound skeleton (D:4)
  4 gnolls
  12 adders
  3 shadow imps
  An ooze (D:5)
  An adder zombie (D:6)
  An adder skeleton (D:7)
  3 worms
  2 dart slugs (D:2)
  8 giant geckos
  22 orcs
  4 ball pythons
  5 giant cockroaches
  9 goblins
  9 hobgoblins
  5 jackals
  4 quokkas (D:5)
  10 bats
  5 giant newts
  10 kobolds
  2 quokka zombies
  8 rats
210 creatures vanquished.

Vanquished Creatures (collateral kills)
  A warg (D:8)
  A sky beast (D:8)
  2 ogres (D:6)
  A centaur (D:8)
  A giant frog (D:10)
  A crimson imp (D:6)
  An adder (D:4)
  An adder zombie (D:6)
  2 orcs
  A jackal skeleton (D:8)
12 creatures vanquished.

Vanquished Creatures (others)
  A ghoul (D:1)
  2 minotaurs (D:1)
  2 octopodes (D:1)
  A gargoyle (D:1)
  3 elves (D:1)
  2 trolls (D:1)
  A spriggan (D:1)
  A vampire (D:1)
  A dwarf (D:1)
  An orc wizard (D:8)
  A mummy (D:1)
  6 tentacles (D:1)
  94 tentacle segments (D:1)
116 creatures vanquished.

Grand Total: 338 creatures vanquished

Notes
Turn   | Place    | Note
--------------------------------------------------------------
     0 | D:1      | MuMo the Demonspawn Fighter began the quest for the Orb.
     0 | D:1      | Reached XP level 1. HP: 18/18 MP: 1/1
     2 | D:1      | Noticed an elf
     2 | D:1      | Noticed a vampire
     2 | D:1      | Noticed an octopode
     2 | D:1      | Noticed a troll
     2 | D:1      | Noticed an octopode
     2 | D:1      | Noticed a dwarf
     2 | D:1      | Noticed an elf
     2 | D:1      | Noticed a minotaur
     2 | D:1      | Noticed a kraken
     2 | D:1      | Noticed a minotaur
     2 | D:1      | Noticed a troll
     2 | D:1      | Noticed a spriggan
     2 | D:1      | Noticed an elf
     2 | D:1      | Noticed a ghoul
     2 | D:1      | Noticed a gargoyle
     6 | D:1      | Killed a dwarf
     7 | D:1      | Killed a troll
     8 | D:1      | Killed an octopode
    11 | D:1      | Killed an elf
    11 | D:1      | Killed an octopode
    12 | D:1      | Killed a spriggan
    13 | D:1      | Killed a vampire
    13 | D:1      | Killed a troll
    15 | D:1      | Killed an elf
    16 | D:1      | Killed a minotaur
    17 | D:1      | Killed a minotaur
    19 | D:1      | Killed an elf
    20 | D:1      | Killed a gargoyle
    22 | D:1      | Killed a ghoul
   402 | D:1      | Gained mutation: You regenerate a little health from kills. [demonic ancestry]
   402 | D:1      | Reached XP level 2. HP: 19/24 MP: 2/2
   503 | D:1      | Reached skill level 3 in Shields
   826 | D:1      | Gained mutation: You have a somewhat thin skeletal structure (Dex +2, Stealth). [demonic ancestry]
   826 | D:1      | Reached XP level 3. HP: 23/29 MP: 3/3
  1005 | D:2      | Reached skill level 1 in Dodging
  1062 | D:2      | Reached XP level 4. HP: 35/35 MP: 4/4
  1220 | D:2      | Found a burning altar of Makhleb.
  1220 | D:2      | Noticed a blizzard demon
  1466 | D:3      | Noticed Ijyb
  1486 | D:3      | Killed Ijyb
  1933 | D:4      | Reached XP level 5. HP: 35/42 MP: 5/5
  2101 | D:4      | Gained mutation: A weak demonic guardian rushes to your aid. [demonic ancestry]
  2101 | D:4      | Reached XP level 6. HP: 35/48 MP: 6/6
  2108 | D:4      | Reached skill level 4 in Shields
  2257 | D:4      | Noticed Eustachio
  2293 | D:4      | Killed Eustachio
  2311 | D:4      | Found a staircase to the Ecumenical Temple.
  2342 | Temple   | Entered the Ecumenical Temple
  2360 | Temple   | Became a worshipper of Warmaster Okawaru
  2424 | D:4      | Gained mutation: You have a pair of small antennae on your head. [demonic ancestry]
  2424 | D:4      | Reached XP level 7. HP: 55/55 MP: 7/7
  2765 | D:5      | Entered Level 5 of the Dungeon
  3370 | D:6      | Noticed Sand's ghost (novice VSTm)
  3750 | D:5      | Reached skill level 5 in Fighting
  3804 | D:6      | Killed Sand's ghost
  3804 | D:6      | Reached * piety under Okawaru
  3804 | D:6      | Reached skill level 5 in Shields
  3804 | D:6      | Reached XP level 8. HP: 49/62 MP: 8/8
  3879 | D:6      | Reached skill level 5 in Armour
  3932 | D:6      | Reached ** piety under Okawaru
  4204 | D:6      | Reached skill level 5 in Dodging
  4229 | D:6      | Found a glowing silver altar of Zin.
  4230 | D:6      | Found a white marble altar of Elyvilon.
  4232 | D:6      | Found a glowing golden altar of the Shining One.
  4356 | D:7      | Reached skill level 1 in Stealth
  4356 | D:7      | Reached skill level 6 in Shields
  4436 | D:7      | Reached skill level 1 in Invocations
  4446 | D:7      | Gained mutation: You have a pair of antennae on your head. [demonic ancestry]
  4446 | D:7      | Reached XP level 9. HP: 69/69 MP: 9/9
  4525 | D:7      | Reached *** piety under Okawaru
  5288 | D:8      | Found an oddly glowing altar of Pakellas.
  5312 | D:8      | Found a staircase to the Lair.
  5353 | D:8      | Reached skill level 7 in Shields
  5381 | D:8      | Reached **** piety under Okawaru
  5851 | D:8      | Gained mutation: You occasionally shout uncontrollably at your foes. [mutagenic meat]
  5852 | D:8      | Gained mutation: You have sharp toenails. [mutagenic meat]
  5854 | D:8      | Gained mutation: You passively map a small area around you. [mutagenic meat]
  5855 | D:8      | Gained mutation: Your system is resistant to poisons. [mutagenic meat]
  5975 | D:8      | Found Ynerhyaq's Jewellery Shoppe.
  6200 | D:9      | Noticed a centaur warrior
  6217 | D:9      | Killed a centaur warrior
  6217 | D:9      | Reached ***** piety under Okawaru
  6217 | D:9      | Gained mutation: You have a moderately thin skeletal structure (Dex +4, Stealth+). [demonic ancestry]
  6217 | D:9      | Reached XP level 10. HP: 56/77 MP: 13/13
  6547 | D:9      | Found a blossoming altar of Fedhas.
  6770 | D:9      | Reached skill level 5 in Invocations
  7071 | D:10     | Entered Level 10 of the Dungeon
  7106 | D:10     | Reached skill level 8 in Shields
  7127 | D:10     | Reached skill level 5 in Long Blades
  7138 | D:10     | Noticed a hill giant
  7156 | D:10     | Killed a hill giant
  7630 | D:10     | Identified 3 scrolls of acquirement
  7634 | D:10     | Got a smoking hat
  7638 | D:10     | Got a smoking demon blade
  7639 | D:10     | Identified the +5 demon blade of Sudden Death {drain, rPois Int+6} (You acquired it on level 10 of the Dungeon)
  7772 | D:10     | Killed from afar by an electric eel

Skill      XL: |  1  2  3  4  5  6  7  8  9 10 |
---------------+-------------------------------+-----
Shields        | 3 4 5 6 7 8 |  8.1
Armour         | 3 4 5 6 7 |  7.2
Long Blades    | 2 3 5 |  5.7
Dodging        | 1 2 4 5 6 |  6.0
Fighting       | 4 5 6 |  6.8
Stealth        | 1 |  1.0
Invocations    | 1 4 6 |  6.0
Evocations     | |  0.2

Action                   |  1- 3 |  4- 6 |  7- 9 | 10-12 || total
-------------------------+-------+-------+-------+-------++-------
Melee: Long sword        |   133 |     3 |       |       ||   136
       Short sword       |       |   124 |   352 |       ||   476
       Scimitar          |       |       |   251 |   199 ||   450
       Demon blade       |       |       |       |     2 ||     2
Invok: Heroism           |       |       |       |     1 ||     1
Evoke: Wand              |       |       |     1 |    11 ||    12
  Use: Potion            |     1 |     1 |     4 |     2 ||     8
       Scroll            |       |     9 |     5 |     4 ||    18
 Stab: Distracted        |       |     1 |     1 |     1 ||     3
       Confused          |       |       |       |     4 ||     4
  Eat: Chunk             |     1 |     4 |    15 |     2 ||    22
       Meat ration       |       |       |     2 |     2 ||     4
       Fruit             |       |       |     1 |       ||     1
       Pizza             |       |       |       |     1 ||     1
Armor: Scale mail        |    95 |    40 |    96 |       ||   231
       Skin              |       |    18 |    43 |       ||    61
       Plate armour      |       |       |   234 |    74 ||   308
       Chain mail        |       |       |     5 |       ||     5
Dodge: Dodged            |    54 |    38 |   195 |    42 ||   329
Block: Shield            |    96 |    59 |   381 |    88 ||   624
